Map: Eternal Empire LE

Players

Nice - Winner!

  • Race: Protoss Protoss
  • Spawn Location: 1:00

Sen

  • Race: Zerg Zerg
  • League: Grandmaster
  • Spawn Location: 7:00

Event: DreamHack SC2 Masters 2020 Summer TwHkMoJp

VOD

Have the link to the VOD?

Description

Time

  • Played on: June 24, 2020, 7:14 a.m.
  • Length: 13:02

All games in this series

Show
View Real Time Build Order
Export as new Build Order

Nice Protoss - Winner!

Build Orders: 1 Gate Expand, Oracle Opening, Phoenix Opening, Archon Immortal 

Get SALT Encoding   

  12  0:01  Probe  
  14  0:14  Probe  
  14  0:20  Pylon  
  14  0:26  Probe  
  14  0:27  Assimilator  
  15  0:37  Probe  
  16  0:44  Gateway  
  16  0:45  Probe  
  17  0:53  Probe  
  18  1:04  Probe  
  19  1:16  Probe  
  20  1:25  Nexus  
  20  1:34  Cybernetics Core  
  20  1:40  Assimilator  
  20  1:42  Probe  
  21  1:50  Pylon  
  21  1:54  Probe  
  22  2:00  Adept  
  22  2:06  Probe  
  23  2:11  Warp Gate  
  25  2:18  Probe  
  25  2:20  Adept  
  25  2:21  Stargate  
  26  2:30  Probe  
  26  2:33  Probe  
  29  2:41  Probe  
  29  2:42  Probe  
  31  2:50  Adept  
  34  2:51  Probe  
  34  2:54  Probe  
  34  2:55  Oracle  
  36  3:04  Probe  
  40  3:06  Probe  
  41  3:15  Pylon  
  41  3:16  Probe  
  41  3:18  Probe  
  43  3:21  Gateway  
  43  3:26  Oracle  
  43  3:28  Probe  
  43  3:30  Probe  
  45  3:40  Probe  
  47  3:43  Probe  
  48  3:49  Pylon  
  48  3:51  Pylon  
  48  3:52  Probe  
  48  3:55  Probe  
  50  3:57  Robotics Facility  
  50  3:59  Phoenix  
  52  4:10  Probe  
  52  4:11  Probe  
  52  4:12  Pylon  
  52  4:14  Assimilator  
  52  4:16  Assimilator  
  54  4:20  Adept x2  
  54  4:22  Probe  
  59  4:29  Probe  
  59  4:31  Pylon  
  60  4:34  Probe  
  61  4:38  Oracle  
  61  4:41  Probe  
  65  4:46  Probe  
  65  4:52  Nexus  
  66  4:53  Probe  
  66  4:58  Probe  
  68  5:06  Probe  
  69  5:08  Observer  
  69  5:10  Shield Battery, Probe  
  67  5:14  Sentry x2  
  67  5:16  Gateway  
  67  5:18  Probe  
  67  5:19  Gateway  
  72  5:23  Forge, Probe  
  72  5:25  Twilight Council  
  73  5:30  Probe  
  73  5:35  Probe  
  75  5:39  Adept x2, Pylon  
  75  5:42  Probe  
  80  5:46  Probe  
  80  5:47  Immortal  
  85  5:51  Probe  
  85  5:55  Probe  
  85  5:56  Pylon  
  86  5:58  Protoss Ground Weapons Level 1  
  86  5:59  Charge, Pylon  
  86  6:00  Probe  
  88  6:04  Probe  
  88  6:08  Probe  
  88  6:09  Probe  
  90  6:15  Templar Archives, Probe  
  92  6:20  Probe  
  93  6:29  Immortal  
  93  6:31  Probe x2  
  88  6:39  Gateway  
  92  6:40  Gateway  
  92  6:41  Observer  
  92  6:42  Gateway  
  92  6:45  Gateway, Pylon  
  92  6:46  Pylon  
  92  6:47  Assimilator  
  92  6:51  Sentry, Zealot  
  92  6:53  Assimilator  
  96  6:55  Zealot x2  
  96  6:58  Pylon  
  100  7:01  Photon Cannon  
  100  7:04  Warp Prism  
  100  7:08  Photon Cannon  
  100  7:09  Photon Cannon, Pylon  
  102  7:20  High Templar  
  102  7:21  High Templar x3  
  110  7:24  Pylon  
  110  7:26  Void Ray, Archon x2, Pylon  
  114  7:39  Zealot x4  
  114  7:42  Pylon  
  122  7:52  Immortal  
  126  8:05  Robotics Bay  
  126  8:07  Robotics Facility  
  126  8:11  Pylon  
  126  8:13  Zealot x7  
  126  8:14  Sentry  
  142  8:23  Immortal  
  146  8:35  Pylon  
  146  8:51  Nexus  
  146  8:53  Disruptor, Pylon  
  146  8:55  Protoss Ground Weapons Level 2, Zealot x8  
  160  9:00  Disruptor  
  150  9:05  Blink  
  140  9:15  Observer  
  136  9:24  High Templar x4  
  140  9:26  Zealot x4  
  140  9:30  Archon  
  140  9:31  Archon  
  136  9:41  Photon Cannon, Shield Battery  
  136  9:43  Disruptor  
  136  9:44  Pylon  
  134  9:46  Disruptor  
  134  9:55  Zealot x4  
  134  9:59  Zealot x3  
  127  10:14  Disruptor  
  122  10:18  Sentry x2  
  122  10:19  Stalker x4  
  122  10:20  Stalker  
  139  10:24  Disruptor  
  142  10:38  Nexus  
  142  10:40  Pylon  
  140  10:56  Stalker x6  
  152  11:13  Stalker x2  
  156  11:29  Stalker x3  
  156  11:30  Stalker x2  
  157  11:48  Stalker x3  
  157  11:52  Stalker x2  
  157  11:53  Stalker x2  
  169  12:06  Stalker  
  146  12:23  Stalker x3  
  146  12:24  Stalker x4  
  132  12:48  Stalker x7  
  140  12:49  Stalker  
Show
View Real Time Build Order
Export as new Build Order

Sen Zerg 

Build Orders: Hatch First 

Get SALT Encoding   

  12  0:02  Drone  
  13  0:11  Overlord  
  13  0:16  Drone  
  14  0:38  Drone  
  15  0:45  Hatchery  
  15  0:49  Drone  
  15  0:52  Drone  
  15  0:56  Drone  
  17  1:01  Drone  
  18  1:11  Extractor  
  17  1:15  Spawning Pool  
  16  1:19  Drone  
  16  1:22  Drone  
  19  1:32  Drone  
  19  1:46  Hatchery  
  18  1:49  Drone  
  19  1:57  Drone x2  
  21  2:03  Queen  
  21  2:07  Zergling x2  
  24  2:10  Drone  
  25  2:18  Queen  
  27  2:24  Overlord  
  27  2:28  Drone  
  28  2:42  Queen  
  28  2:43  Drone x2, Zergling x2  
  33  2:49  Zergling x2  
  33  2:50  Drone x2  
  36  3:05  Overlord, Queen  
  38  3:07  Drone x2  
  38  3:11  Metabolic Boost  
  40  3:15  Drone  
  40  3:16  Drone  
  42  3:23  Overlord  
  42  3:34  Drone x8  
  44  3:38  Drone  
  44  3:41  Drone  
  47  3:48  Drone x3  
  47  3:51  Drone x2  
  52  4:01  Drone x3  
  52  4:02  Drone x3  
  55  4:10  Spore Crawler  
  55  4:11  Spore Crawler  
  55  4:14  Drone x3  
  56  4:17  Overlord  
  56  4:19  Drone  
  56  4:20  Extractor  
  56  4:22  Drone  
  57  4:30  Spore Crawler  
  56  4:32  Drone  
  56  4:37  Drone x4  
  56  4:38  Overlord  
  61  4:42  Extractor  
  61  4:43  Roach Warren  
  59  4:45  Drone x3  
  59  4:46  Drone  
  59  4:49  Lair  
  59  4:51  Extractor  
  62  4:57  Drone, Overlord  
  62  4:58  Drone x3  
  64  5:00  Drone  
  64  5:07  Drone x2  
  64  5:09  Drone  
  66  5:14  Overlord  
  66  5:16  Drone  
  67  5:22  Overlord  
  66  5:29  Drone x2  
  66  5:31  Hatchery  
  66  5:32  Drone x3  
  66  5:33  Overlord  
  66  5:35  Drone x2  
  72  5:41  Extractor  
  71  5:47  Glial Reconstitution  
  71  5:49  Drone x4  
  75  5:51  Roach x5  
  75  5:52  Overseer  
  85  6:01  Roach  
  85  6:02  Roach  
  89  6:05  Evolution Chamber  
  89  6:08  Queen  
  90  6:15  Drone x4  
  90  6:21  Roach x4  
  90  6:25  Drone x3  
  98  6:31  Overlord  
  98  6:36  Infestation Pit  
  98  6:39  Overlord  
  95  6:44  Unknown, Overlord  
  95  6:45  Overlord  
  95  6:46  Drone  
  95  6:47  Drone  
  96  6:50  Overlord  
  96  6:52  Zerg Missile Weapons Level 1  
  96  6:54  Roach x4, Overlord x2  
  104  6:55  Overlord  
  104  6:56  Overseer  
  104  7:04  Roach  
  104  7:05  Roach x4  
  104  7:07  Drone  
  115  7:13  Drone x3  
  118  7:19  Drone  
  118  7:20  Spore Crawler  
  118  7:21  Overlord  
  117  7:29  Hive  
  118  7:30  Drone x2, Overlord, Spire  
  118  7:32  Drone, Extractor  
  118  7:37  Drone x2  
  118  7:38  Drone  
  118  7:39  Roach  
  118  7:40  Roach x7  
  118  7:42  Overlord  
  137  7:47  Ravager x2  
  139  7:53  Roach x6  
  139  7:56  Ravager x2  
  153  8:07  Overlord  
  153  8:09  Roach x8  
  169  8:15  Overseer  
  171  8:20  Roach x7  
  183  8:33  Overlord  
  183  8:43  Ravager  
  184  8:49  Overlord  
  184  8:52  Ravager x2  
  184  8:54  Roach x3  
  175  9:07  Roach x17  
  183  9:16  Spire  
  181  9:18  Drone x8  
  187  9:28  Roach x5  
  195  9:36  Roach  
  195  9:38  Ravager x3  
  175  10:01  Ravager x2  
  175  10:02  Roach x2, Ravager  
  173  10:09  Roach  
  173  10:10  Roach x13  
  177  10:28  Greater Spire  
  177  10:30  Drone x3  
  177  10:34  Drone x2  
  180  10:38  Drone x3  
  180  10:41  Corruptor x3  
  183  10:45  Corruptor  
  182  10:54  Drone x2  
  178  11:01  Corruptor x2  
  178  11:03  Ravager  
  181  11:11  Drone  
  181  11:14  Corruptor x2  
  185  11:26  Roach x3  
  185  11:30  Ravager  
  190  11:39  Brood Lord x4  
  191  11:46  Roach x4  
  181  11:50  Brood Lord  
  174  11:57  Brood Lord  
  169  12:03  Brood Lord  
  160  12:18  Roach x4  
  112  12:30  Roach x4  
Tags
 
Add a new tag
Caveats
  • Supply blocks, unpowered buildings, or Contaminate may cause inaccurate times.
  • Supply counts are checked every 10 seconds.